AoeStats
← damiansilva312

Arabia

509753864Analyzed
1v1 RM · 3d ago on Sep 27, 2026· 58m 44s· 2 players
Game mode
Random Map
Map size
Tiny (2 player)
Population
200
Speed
Normal
Resources
Standard
Victory
Conquest
Starting age
Dark Age
Ending age
Imperial Age
RankedLock teamsTeams togetherTeam positionsShared explorationLock speedFull tech treeHidden civsTurbo modeCheats
Victory
Defeat
🇦🇷 Burmese · Argentina
785
+30
🇫🇷 Ethiopians · France
772
-15
tontonkuk
6:37 Loom
9:06 Feudal Age
15:39 Fletching
25:58 Castle Age
26:07 Elite Skirmisher
27:09 Bodkin Arrow
29:23 Padded Archer Armor
29:28 Squires
35:43 Thumb Ring
37:50 Leather Archer Armor
53:09 Scale Mail Armor
60:33 Imperial Age
damiansilva312
10:13 Feudal Age
9:50 Loom
14:07 Wheelbarrow
13:16 Horse Collar
13:22 Man-at-Arms
15:46 Arson
24:13 Castle Age
22:44 Town Watch
23:33 Fletching
23:45 Padded Archer Armor
25:15 Elite Skirmisher
28:45 Husbandry
32:09 Scale Barding Armor
32:23 Forging
37:27 Scale Barding Armor
41:58 Heavy Plow
46:44 Husbandry
46:58 Bloodlines
53:02 Imperial Age
53:33 Chain Barding Armor
53:49 Iron Casting
54:07 Town Watch
57:57 Plate Barding Armor
57:18 Bodkin Arrow
Connection lost

Rejoining the realm…

Still unreachable

The connection could not be restored.

Session expired

The server has moved on; the page needs a fresh start.